 Dungeon Crawl Stone Soup version 0.22.1-2-g9c5b331 (webtiles) character file.

2546 Heatsaber the Gusty (level 9, 0/51 HPs)
             Began as a Deep Elf Air Elementalist on Dec 24, 2018.
             Was a Believer of Sif Muna.
             Slain by Josephine
             ... wielding a +0 dagger
              (7 damage)
             ... on level 10 of the Dungeon.
             The game lasted 01:10:30 (6264 turns).

Heatsaber the Gusty (Deep Elf Air Elementalist)     Turns: 6264, Time: 01:10:30

Health: 0/51       AC:  7    Str:  9    XL:     9   Next: 30%
Magic:  0/38       EV: 13    Int: 22    God:    Sif Muna [**....]
Gold:   279        SH:  0    Dex: 15    Spells: 6/21 levels left

rFire    . . .     SeeInvis .   J - +6 long sword "Veacliov" {elec, rC+ Str+2}
rCold    + + .     Gourm    .   (no shield)
rNeg     . . .     Faith    .   N - +1 robe {rC+}
rPois    .         Spirit   +   (helmet restricted)
rElec    .         Reflect  .   y - +0 cloak
rCorr    .         Harm     .   (no gloves)
MR       .....                  (no boots)
Stlth    +.........             F - amulet of guardian spirit
HPRegen  0.17/turn              q - ring of magical power
MPRegen  0.26/turn              u - ring of magical power

@: heavily drained
A: antennae 1, molten scales 1, blurry vision 1, shaggy fur 1
a: Divine Energy, Renounce Religion


You were on level 10 of the Dungeon.
You worshipped Sif Muna.
Sif Muna was pleased with you.
You were not hungry.

You visited 1 branch of the dungeon, and saw 8 of its levels.

You collected 279 gold pieces.

Inventory:

Hand Weapons
 e - a +0 club
 g - a +0 dagger
 E - a +2 trident of holy wrath
 J - the +6 long sword "Veacliov" (weapon) {elec, rC+ Str+2}
   (You found it on level 5 of the Dungeon)

   Occasionally, upon striking a foe, it will discharge some electrical energy
   and cause terrible harm.
   It affects your strength (+2).
   It protects you from cold.
 K - a +0 rapier
 M - a +2 long sword of protection
 P - a +3 great sword
 Q - a +1 short sword of draining
Armour
 a - a +0 robe
 l - a +0 leather armour
 p - a +1 shield
 y - a +0 cloak (worn)
 D - the +4 scale mail of Intercession {rF+, unknown}
   (You found it on level 4 of the Dungeon)

   It protects you from fire.
 N - a +1 robe of cold resistance (worn)
Jewellery
 d - an uncursed amulet of the gourmand
 o - an uncursed ring of ice
 q - a ring of magical power (left hand)
 r - an uncursed amulet of the acrobat
 u - a ring of magical power (right hand)
 C - a cursed ring of teleportation {unknown}
 F - an amulet of guardian spirit (around neck)
Wands
 i - a wand of polymorph (10)
 I - a wand of paralysis (24)
 L - a wand of random effects (45)
Scrolls
 b - a scroll of enchant armour
 f - 6 scrolls of teleportation
 j - 2 scrolls of remove curse {unknown}
 n - 2 scrolls of enchant weapon {unknown}
 t - 5 scrolls of identify {unknown}
 v - a scroll of blinking {unknown}
 w - 3 scrolls of immolation {unknown}
 x - a scroll of amnesia {unknown}
 R - a scroll of fear {unknown}
 S - a scroll of random uselessness {unknown}
Potions
 h - 3 potions of mutation
 k - 4 potions of curing {unknown}
 m - a potion of lignification {unknown}
 s - a potion of might {unknown}
 z - a potion of magic {unknown}
 A - a potion of brilliance {unknown}
 B - a potion of flight {unknown}
 G - a potion of agility {unknown}
 H - a potion of ambrosia {unknown}
 O - a potion of cancellation {unknown}
Comestibles
 c - 10 rations


   Skills:
 + Level 3.6(1.1) Fighting
 + Level 6.0(3.3) Dodging
 - Level 2.4(0.0) Stealth
 + Level 6.5(3.8) Spellcasting
 - Level 7.0(4.2) Conjurations
 - Level 3.3(0.8) Charms
 + Level 7.6(4.9) Air Magic


You had 6 spell levels left.
You knew the following spells:

 Your Spells              Type           Power        Failure   Level  Hunger
a - Shock                 Conj/Air       ###.         1%          1    None
b - Swiftness             Chrm/Air       ###.....     5%          2    #......
c - Static Discharge      Conj/Air       ###.....     5%          3    ###....
d - Airstrike             Air            ####......   16%         4    ####...
e - Lightning Bolt        Conj/Air       ###.......   43%         5    ######.

Your spell library contained the following spells:

 Spells                   Type           Power        Failure   Level  Hunger
 Iskenderun's Mystic Bla  Conj           ###.....     21%         4    ####...
 Force Lance              Conj/Tloc      ##......     43%         4    ####...
 Bolt of Fire             Conj/Fire      ##........   100%        6    #######


Dungeon Overview and Level Annotations

Branches:
Dungeon (7/15)               Lair (0/6) D:10
 Temple: D:4-7

Altars:
Hepliaklqana
Nemelex Xobeh
Ru
Sif Muna
Vehumet
Xom

Annotations:
D:10 Josephine


Innate Abilities, Weirdness & Mutations

You have a pair of small antennae on your head.
You are partially covered in molten scales. (AC +2)
Scrolls take you a little longer to read.
You are covered in fur. (AC +1)


Message History

Josephine is severely wounded.
Josephine casts a spell at you.
The ghostly flame explodes!
The ghostly fireball engulfs you!
You feel drained.
* * * LOW HITPOINT WARNING * * *
The ghostly fireball engulfs Josephine.
Josephine completely resists.
You hear an angry buzzing noise. x2
You hit Josephine.
Josephine is almost dead.
Josephine hits you with a dagger.
* * * LOW HITPOINT WARNING * * *
Josephine hits you with a dagger!
* * * LOW HITPOINT WARNING * * *
A wraith comes into view.
Okay, then.
It was a potion of mutation.
You feel extremely strange. A pair of antennae grows on your head!
Your vision blurs.
Fur sprouts all over your body.
Molten scales grow over part of your body.
Josephine hits you with a dagger!
You die...

#.######.## #.#
#.# #># #.# #.#
#.# #.# #.# #.#
#.# #.# #.# #.#
#.######.####.##
#....@.W.......#
#..##^##@#####.#
#..##.##@# #.#
#..##.##.# #.#
#..##.##.# #.#
.#####@.##.##.##
#.#
.@......##.##..#
#.#
.#####..##.###.#
#.# .#####..##.#
#.# #.#
@..........# #.#
#.# .######.####
#.# #.#


You could see Josephine and a wraith.

Vanquished Creatures
  A hornet (D:10)
  Sigmund (D:3)
  A wraith (D:10)
  Eustachio (D:5)
  2 sky beasts (D:7)
  An ice beast (D:6)
  A phantom (D:4)
  An ogre (D:5)
  A big kobold (D:10)
  A bullfrog (D:10)
  A scorpion (D:3)
  9 wights
  2 howler monkeys
  2 crimson imps
  A centaur skeleton (D:7)
  A centaur zombie (D:5)
  3 hounds
  2 jellies (D:5)
  Crazy Yiuf (D:3)
  An orc priest (D:4)
  2 orc wizards
  An iguana (D:6)
  3 worker ants
  A statue (D:6)
  A killer bee zombie (D:5)
  A hound skeleton (D:4)
  2 worker ant zombies
  9 gnolls
  6 adders
  A shadow imp (D:6)
  A white imp (D:4)
  An adder skeleton (D:4)
  7 dart slugs
  2 worms
  5 leopard geckos
  9 orcs
  8 giant cockroaches
  10 hobgoblins
  3 jackals (D:3)
  13 kobolds
  4 quokkas
  8 bats
  5 frilled lizards
  A giant cockroach zombie (D:6)
  6 goblins
  A quokka skeleton (D:4)
  8 rats
153 creatures vanquished.

Notes
Turn   | Place    | Note
-------+----------+-------------------------------------------
     0 | D:1      | Heatsaber the Deep Elf Air Elementalist began the quest for
                  | the Orb.
     0 | D:1      | Reached XP level 1. HP: 10/10 MP: 6/6
   117 | D:1      | Reached XP level 2. HP: 15/15 MP: 6/8
   121 | D:1      | Learned a level 2 spell: Swiftness
   483 | D:1      | Reached XP level 3. HP: 19/19 MP: 6/10
   488 | D:1      | Learned a level 3 spell: Static Discharge
   610 | D:1      | Reached skill level 1 in Charms
  1015 | D:2      | Reached XP level 4. HP: 12/24 MP: 1/12
  1199 | D:2      | Learned a level 4 spell: Airstrike
  1572 | D:2      | Found a deep blue altar of Sif Muna.
  1578 | D:2      | Became a worshipper of Sif Muna the Loreminder
  1668 | D:2      | Found a shimmering altar of Xom.
  1669 | D:2      | Found a hazy altar of Hepliaklqana.
  1669 | D:2      | Noticed an insubstantial wisp
  1670 | D:2      | Noticed a spectral ugly thing
  1670 | D:2      | Noticed an insubstantial wisp
  1951 | D:3      | Noticed Sigmund
  1991 | D:3      | Reached skill level 5 in Spellcasting
  1991 | D:3      | Reached XP level 5. HP: 28/28 MP: 14/14
  2540 | D:3      | Found a runed door.
  2544 | D:3      | Noticed Crazy Yiuf
  2562 | D:3      | Killed Crazy Yiuf
  2719 | D:3      | Killed Sigmund
  2719 | D:3      | Reached skill level 5 in Air Magic
  2719 | D:3      | Reached XP level 6. HP: 26/32 MP: 15/15
  2734 | D:3      | Learned a level 5 spell: Lightning Bolt
  2859 | D:4      | Reached * piety under Sif Muna
  2969 | D:4      | Reached XP level 7. HP: 32/36 MP: 16/16
  3016 | D:4      | Found a sparkling altar of Nemelex Xobeh.
  3068 | D:4      | Got a transparent scale mail
  3577 | D:5      | Entered Level 5 of the Dungeon
  3816 | D:5      | Reached skill level 5 in Conjurations
  4218 | D:5      | Reached XP level 8. HP: 36/41 MP: 17/17
  4319 | D:5      | Got a steaming long sword
  4320 | D:5      | Identified the +6 long sword "Veacliov" {elec, rC+ Str+2}
                  | (You found it on level 5 of the Dungeon)
  4351 | D:5      | Noticed Eustachio
  4359 | D:5      | Killed Eustachio
  4359 | D:5      | Reached ** piety under Sif Muna
  4359 | D:5      | Reached skill level 1 in Fighting
  4521 | D:5      | Found a sacrificial altar of Ru.
  4856 | D:6      | Found a radiant altar of Vehumet.
  5393 | D:6      | Identified the Incunabulum of Torrid Confrontation
  5665 | D:7      | Reached skill level 5 in Dodging
  5731 | D:7      | Reached XP level 9. HP: 43/50 MP: 12/19
  5772 | D:7      | You fall through a shaft for 3 floors!
  5772 | D:10     | Entered Level 10 of the Dungeon
  5895 | D:10     | Noticed Josephine
  6194 | D:10     | Found a staircase to the Lair.
  6264 | D:10     | Gained mutation: You have a pair of small antennae on your
                  | head. [potion of mutation]
  6264 | D:10     | Gained mutation: Scrolls take you a little longer to read.
                  | [potion of mutation]
  6264 | D:10     | Gained mutation: You are covered in fur. (AC +1) [potion of
                  | mutation]
  6264 | D:10     | Gained mutation: You are partially covered in molten
                  | scales. (AC +2) [potion of mutation]
  6264 | D:10     | Slain by Josephine

Skill      XL: |  1  2  3  4  5  6  7  8  9 |
---------------+----------------------------+-----
Conjurations   | 2 3 4 5 7 |  7.0
Spellcasting   | 4 5 6 |  6.5
Charms         | 2 3 |  3.3
Air Magic      | 5 7 |  7.6
Fighting       | 3 |  3.6
Dodging        | 5 6 |  6.0
Stealth        | |  2.4

Action                   |  1- 3 |  4- 6 |  7- 9 || total
-------------------------+-------+-------+-------++-------
Melee: Unarmed           |     7 |       |       ||     7
       Dagger            |     3 |       |       ||     3
       Long sword        |       |       |    16 ||    16
 Cast: Shock             |    61 |    92 |   155 ||   308
       Static Discharge  |     3 |     7 |    20 ||    30
       Airstrike         |       |     4 |    18 ||    22
       Lightning Bolt    |       |       |     8 ||     8
  Use: Scroll            |       |     2 |     2 ||     4
       Potion            |       |       |     1 ||     1
  Eat: Chunk             |    14 |     2 |     7 ||    23
       Ration            |       |       |     2 ||     2
Armor: Robe              |     4 |       |    11 ||    15
Dodge: Dodged            |    15 |     7 |    41 ||    63
       Rpst.: Long sword |       |       |     4 ||     4
